 Dungeon Crawl Stone Soup version 0.25.0-46-gbd7b0854d2 (webtiles) character file.

Game seed: 16750639593482943294

10509 Gwenloh the Carver (level 11, -31/86 HPs)
             Began as a Human Fighter on July 15, 2020.
             Was an Elder of the Shining One.
             Killed from afar by a lich (50 damage)
             ... with a bolt of fire
             ... on level 2 of the Abyss.
             The game lasted 00:40:35 (11184 turns).

Gwenloh the Carver (Human Fighter)                 Turns: 11184, Time: 00:40:35

Health: -31/86     AC: 13    Str: 17    XL:     11   Next: 94%
Magic:  11/15      EV: 12    Int:  9    God:    the Shining One [****..]
Gold:   312        SH: 22    Dex: 15    Spells: 10/10 levels left

rFire    . . .     SeeInvis .   a - +4 scimitar (flame)
rCold    . . .     Gourm    .   c - +2 kite shield
rNeg     + + .     Faith    .   u - +2 scale mail {rPois}
rPois    +         Spirit   .   I - +1 hat
rElec    .         Reflect  .   (no cloak)
rCorr    .         Harm     .   n - +1 pair of gloves
MR       .....     Rnd*Rage +   (no boots)
Stlth    ..........             (no amulet)
HPRegen  0.24/turn              i - +4 ring of evasion
MPRegen  0.14/turn              v - +4 ring of slaying

@: divine shield, berserk cooldown, slowed, glowing, very slow
A: berserk 1, low mp 1
a: Divine Shield, Cleansing Flame, Renounce Religion


You were on level 2 of the Abyss.
You worshipped the Shining One.
The Shining One was greatly pleased with you.
You were not hungry.

You visited 2 branches of the dungeon, and saw 10 of its levels.
You visited the Abyss 1 time.

You collected 312 gold pieces.

Inventory:

Hand Weapons
 a - a +4 scimitar of flaming (weapon)
 b - a +0 hunting sling
Missiles
 k - 78 bolts
 l - 271 stones
 r - 28 poisoned darts (quivered)
 B - a throwing net
 D - 3 boomerangs
Armour
 c - a +2 kite shield (worn)
 n - a +1 pair of gloves (worn)
 o - a +1 chain mail
 u - a +2 scale mail of poison resistance (worn)
 w - a +0 plate armour
 y - a +1 scale mail
 I - a +1 hat (worn)
Jewellery
 i - a +4 ring of evasion (left hand)
 v - a +4 ring of slaying (right hand)
Scrolls
 e - 5 scrolls of amnesia
 m - 4 scrolls of remove curse
 p - a scroll of fog
 q - 4 scrolls of teleportation
 C - 2 scrolls of immolation
 E - 2 scrolls of blinking
 F - 4 scrolls of magic mapping
 G - a scroll of identify
Potions
 d - a potion of might
 g - 2 potions of flight
 h - a potion of haste
 j - a potion of stabbing {unknown}
 s - a potion of lignification {unknown}
 t - 3 potions of magic
 x - a potion of brilliance {unknown}
 z - a potion of berserk rage
 A - a potion of resistance {unknown}
 J - a potion of degeneration {unknown}
Comestibles
 f - 11 rations


   Skills:
 + Level 8.0 Fighting
 * Level 10.6 Long Blades
 + Level 8.0 Armour
 + Level 8.0 Shields
 * Level 8.0 Invocations


You had 10 spell levels left.
You didn't know any spells.
Your spell library contained the following spells:

 Spells                   Type           Power        Failure   Level  Hunger
 Animate Skeleton         Necr           N/A          96%         1    ##.....
 Apportation              Tloc           #.....       96%         1    ##.....
 Beastly Appendage        Tmut           #.....       96%         1    ##.....
 Corona                   Hex            #......      96%         1    ##.....
 Summon Small Mammal      Summ           #...         96%         1    ##.....
 Sticks to Snakes         Tmut           #.......     99%         2    ###....
 Spider Form              Tmut/Pois      #.........   100%        3    ####...
 Ice Form                 Ice/Tmut       #.......     100%        4    #####..
 Blade Hands              Tmut           #.........   100%        5    ######.


Dungeon Overview and Level Annotations

Branches:
Dungeon (9/15)             Temple (1/1) D:6
   Lair: D:8-11         Orc: D:9-12

Altars:
Ashenzari
Cheibriados
Dithmenos
Elyvilon
Fedhas
Gozag
Hepliaklqana
Kikubaaqudgha
Makhleb
Nemelex Xobeh
Okawaru
Qazlal
Ru
Sif Muna
Trog
Uskayaw
Vehumet
Wu Jian
Xom
Yredelemnul
Zin
The Shining One

Shops:
D:6 :

Annotations:
D:9 Erolcha


Innate Abilities, Weirdness & Mutations

You tend to lose your temper in combat.
Your magical capacity is low. (-10% MP)


Message History

You slash the large abomination! You burn the large abomination.
You destroy the large abomination!
The Shining One accepts your kill.
You feel better.
You feel your power returning.
Your Invocations skill increases to level 8!
A dire elephant skeleton comes into view.
Found 25 gold pieces.
You feel a strong urge to attack something.
The lich shouts!
You feel your anger nearly subside.
The lich points at you and mumbles some strange words.
The bolt of fire misses you.
You are no longer berserk.
You are exhausted.
You feel yourself slow down.
You see here a leather armour.
The lich casts a spell at you. The bolt of fire hits you!!!
Ouch! That really hurt!
You die...

.### ... # #..#
####.#....###$.#
.....#.#..###.#.#
#
#._.L#.....#####
# #
#...#.#...#...#.X
# #....#...#. .x.
# ##[#...#..§.Z.
# #.#.#.#..##
#@##.#..#
##.#...## .#§.#
###.. #.. # # ...
.. #.


You could see a lich.

Vanquished Creatures
  A tentacled starspawn (Abyss:2)
  Harold (D:8)
  Erica (D:8)
  Pikel (D:5)
  An ugly thing (D:4)
  Maggie (D:8)
  2 ice devils (Abyss:2)
  2 freezing wraiths (Abyss:2)
  Prince Ribbit (D:8)
  2 hippogriffs (D:8)
  Grinder (D:6)
  3 neqoxecs (Abyss:2)
  A hungry ghost (D:7)
  Menkaure (D:7)
  A steam dragon (D:8)
  2 black bears (D:8)
  2 large abominations (Abyss:2)
  A sky beast (D:8)
  2 orc warriors
  3 slaves
  4 ogres
  2 small abominations (Abyss:2)
  2 phantoms
  3 bullfrogs (D:7)
  A gnoll sergeant (D:7)
  A water moccasin zombie (D:6)
  A scorpion (D:8)
  5 howler monkeys
  5 crimson imps
  4 hounds
  6 orc priests
  2 bullfrog skeletons
  2 gnoll shamans (D:4)
  Natasha (twice) (D:4)
  7 orc wizards
  5 worker ants
  A hound zombie (D:8)
  10 adders
  53 gnolls
  A shadow imp (D:7)
  An adder skeleton (D:6)
  3 worms
  4 dart slugs
  3 leopard geckos
  25 orcs
  A ball python (D:4)
  5 giant cockroaches
  3 goblins
  4 hobgoblins
  20 jackals
  3 quokkas
  10 bats
  3 frilled lizards
  2 kobolds
  2 leopard gecko skeletons
  A leopard gecko zombie (D:8)
  6 rats
243 creatures vanquished.

Vanquished Creatures (others)
  A slave (D:5)
  A centaur (D:5)
  A hound (D:5)
  2 howler monkey skeletons (D:5)
  2 orcs (D:5)
  2 starspawn tentacles (Abyss:2)
9 creatures vanquished.

Grand Total: 252 creatures vanquished

Notes
Turn   | Place    | Note
-------+----------+-------------------------------------------
     0 | D:1      | Gwenloh the Human Fighter began the quest for the Orb.
     0 | D:1      | Reached XP level 1. HP: 18/18 MP: 1/1
   381 | D:1      | Reached XP level 2. HP: 21/24 MP: 2/2
   726 | D:2      | Reached XP level 3. HP: 22/29 MP: 3/3
  1220 | D:2      | Reached skill level 3 in Long Blades
  1220 | D:2      | Reached XP level 4. HP: 17/35 MP: 4/4
  2309 | D:3      | Reached XP level 5. HP: 30/41 MP: 5/5
  2438 | D:3      | Found a faded altar of an unknown god.
  2612 | D:3      | Found a snail-covered altar of Cheibriados.
  2634 | D:3      | Found a glowing golden altar of the Shining One.
  2641 | D:3      | Became a worshipper of the Shining One
  2936 | D:4      | Found a basalt altar of Yredelemnul.
  2945 | D:4      | Found a hazy altar of Hepliaklqana.
  3360 | D:4      | Reached XP level 6. HP: 48/48 MP: 6/6
  3394 | D:4      | Reached skill level 4 in Long Blades
  3693 | D:4      | Found a shimmering blue altar of Sif Muna.
  4000 | D:4      | Reached XP level 7. HP: 52/54 MP: 7/7
  4065 | D:4      | Reached skill level 5 in Long Blades
  4097 | D:4      | Reached * piety under the Shining One
  4112 | D:4      | Noticed a purple ugly thing
  4533 | D:4      | Killed a purple ugly thing
  4533 | D:4      | Reached skill level 5 in Fighting
  4533 | D:4      | Reached skill level 6 in Long Blades
  4533 | D:4      | Reached skill level 5 in Armour
  4533 | D:4      | Reached skill level 5 in Shields
  4533 | D:4      | Reached XP level 8. HP: 45/62 MP: 8/8
  4976 | D:4      | Noticed Natasha
  4981 | D:4      | Killed Natasha
  5132 | D:4      | Noticed Natasha
  5140 | D:4      | Killed Natasha
  5468 | D:5      | Entered Level 5 of the Dungeon
  5576 | D:5      | Found a shimmering altar of Xom.
  5595 | D:5      | Reached XP level 9. HP: 68/68 MP: 9/9
  5595 | D:5      | Noticed Pikel
  5629 | D:5      | Reached ** piety under the Shining One
  5989 | D:5      | Killed Pikel
  5989 | D:5      | Reached skill level 7 in Long Blades
  6315 | D:5      | Reached skill level 1 in Invocations
  6724 | D:6      | Reached skill level 8 in Long Blades
  6727 | D:6      | Found a hide-covered altar of Uskayaw.
  6728 | D:6      | Found Cuin Tufru's Book Boutique.
  6730 | D:6      | Noticed a +0 hand axe
  6730 | D:6      | Noticed a +0 dagger
  7086 | D:6      | Found a staircase to the Ecumenical Temple.
  7156 | D:6      | Noticed Grinder
  7166 | D:6      | Killed Grinder
  7166 | D:6      | Reached XP level 10. HP: 77/77 MP: 8/12
  8090 | D:7      | Noticed Menkaure
  8104 | D:7      | Killed Menkaure
  8104 | D:7      | Reached skill level 9 in Long Blades
  8275 | Temple   | Entered the Ecumenical Temple
  8675 | D:8      | Reached *** piety under the Shining One
  8722 | D:8      | Found a bloodstained altar of Trog.
  8785 | D:8      | Reached skill level 5 in Invocations
  8920 | D:8      | Noticed Prince Ribbit
  8936 | D:8      | Killed Prince Ribbit
  8978 | D:8      | Noticed Maggie
  8989 | D:8      | Killed Maggie
  9795 | D:9      | Noticed Erica
  9795 | D:9      | Noticed Harold
 10247 | D:8      | Killed Erica
 10247 | D:8      | Reached XP level 11. HP: 25/84 MP: 12/15
 10601 | D:8      | Killed Harold
 10713 | D:9      | Noticed Erolcha
 10720 | D:8      | Reached skill level 10 in Long Blades
 10727 | D:9      | Cast into level 2 of the Abyss (Erolcha)
 10818 | Abyss:2  | Gained mutation: Your magical capacity is low. (-10% MP) [a
                  | neqoxec]
 10826 | Abyss:2  | Gained mutation: You tend to lose your temper in combat. [a
                  | neqoxec]
 10927 | Abyss:2  | Noticed a starcursed mass
 11104 | Abyss:2  | Noticed a lich
 11104 | Abyss:2  | Reached **** piety under the Shining One
 11107 | Abyss:2  | Found a roughly hewn altar of Beogh.
 11140 | Abyss:2  | Noticed a tentacled starspawn
 11146 | Abyss:2  | Killed a tentacled starspawn
 11162 | Abyss:2  | Noticed a large abomination
 11176 | Abyss:2  | Noticed a starcursed mass
 11176 | Abyss:2  | Killed a large abomination
 11184 | Abyss:2  | Killed from afar by a lich

Illustrated notes

Levels and vault maps discovered:
D:1:      matt_arrival_grand_opening, layout_basic
D:2:      layout_basic
D:3:      layout_loops_ring, lemuel_round_altar, nicolae_overflow_crystal_walls,
          chequers_ecumenical_altar_island
D:4:      lemuel_castle_with_subvaults [lemuel_castle_interior_original],
          layout_loops_ring, lemuel_doored_altar, old_standard_altar,
          first_ration, yredelemnul_altar_generic, uniq_natasha
D:5:      layout_loops_ring, xom_confusion_cloud, guppyfry_early_orc_mine,
          uniq_pikel
D:6:      layout_rooms, dancing_weapons_uskayaw,
          minmay_temple_entry_from_below_a, serial_shops, shop,
          roderic_roman_lattice, uniq_grinder
D:7:      layout_rooms, grunt_ogre_cave, grunt_decor_arrowhead, uniq_menkaure
D:8:      layout_gridville, trog_ov_bears_minmay, uniq_maggie,
          uniq_prince_ribbit1
D:9:      layout_cross, minmay_misc_feat_hallway, uniq_erica, uniq_erolcha,
          uniq_harold
Temple:   regret_index_temple_generic_petals
Abyss:2:  base: Gauntlet, evilmike_abyss_exit_chaos

Skill      XL: |  1  2  3  4  5  6  7  8  9 10 11 |
---------------+----------------------------------+-----
Long Blades    | 3 4 6 8 9 10 | 10.6
Fighting       | 4 5 6 7 8 |  8.0
Shields        | 4 5 6 7 8 |  8.0
Armour         | 4 5 6 7 8 |  8.0
Invocations    | 2 6 8 |  8.0

Action                   |  1- 3 |  4- 6 |  7- 9 | 10-12 || total
-------------------------+-------+-------+-------+-------++-------
Melee: Long sword        |    76 |   136 |   137 |       ||   349
       Scimitar          |       |       |    49 |   230 ||   279
 Fire: Hunting sling     |       |       |   123 |    74 ||   197
Throw: Stone             |     5 |       |       |       ||     5
       Dart              |     8 |    52 |     6 |     4 ||    70
Invok: Divine Shield     |       |       |     1 |     6 ||     7
       Cleansing Flame   |       |       |       |     1 ||     1
  Use: Scroll            |     3 |     4 |     8 |     8 ||    23
       Potion            |       |       |       |     2 ||     2
  Eat: Chunk             |     1 |     9 |    10 |    10 ||    30
       Ration            |       |       |       |     2 ||     2
Armor: Scale mail        |    10 |       |     9 |    18 ||    37
       Ring mail         |    17 |    34 |    12 |       ||    63
       Chain mail        |       |       |    20 |    59 ||    79
Dodge: Dodged            |    25 |    65 |    61 |    64 ||   215
Block: Kite shield       |    36 |    82 |    73 |   156 ||   347
       Rpst.: Long sword |     7 |    27 |    17 |       ||    51
       Scimitar          |       |       |     5 |    11 ||    16
